 Dungeon Crawl Stone Soup version 0.20-a0-435-ga4f17a0 (webtiles) character file.

400 Leonis the Slasher (level 6, -5/28 HPs)
             Began as a Vine Stalker Fighter on Mar 4, 2017.
             Was a Follower of Hepliaklqana.
             Slain by a hornet zombie (8 damage)
             ... on level 5 of the Dungeon.
             The game lasted 00:20:54 (2562 turns).

Leonis the Slasher (Vine Stalker Fighter)           Turns: 2562, Time: 00:20:54

Health: -5/28      AC:  9    Str: 21    XL:     6   Next: 84%
Magic:  0/7        EV:  7    Int:  8    God:    Hepliaklqana [*.....]
Gold:   61         SH: 14    Dex: 13    Spells: 5/5 levels left

rFire  . . .     SeeInvis .     a - +0 long sword
rCold  . . .     Gourm    .     u - +0 ring mail
rNeg   . . .     Faith    .     s - +0 large shield
rPois  .         Spirit   +     p - +0 helmet
rElec  .         Reflect  .     n - +0 cloak
rCorr  .         Harm     .     h - +0 pair of gloves
MR     .....                    (no boots)
Stlth  +.........               (no amulet)
                                (no ring)
                                (no ring)

@: no status effects
A: reduced essence, fangs 2, blink, regeneration 1, wild magic 2, evolution 1,
magic shield, antimagic bite, no potion heal 3, rot immunity
a: Blink, Recall Ancestor, Ancestor Identity, Renounce Religion


You were on level 5 of the Dungeon.
You worshipped Hepliaklqana.
Hepliaklqana was aware of your devotion.
You were not hungry.

You visited 2 branches of the dungeon, and saw 6 of its levels.

You collected 97 gold pieces.
You spent 36 gold pieces at shops.

Inventory:

Hand Weapons
 a - a +0 long sword (weapon)
 i - a +3 quarterstaff of chaos
Armour
 b - a +0 scale mail
 c - a +0 shield
 h - a +0 pair of gloves (worn)
 n - a +0 cloak (worn)
 o - a +0 cloak
 p - a +0 helmet (worn)
 s - a +0 large shield (worn)
 u - a +0 ring mail (worn)
Wands
 B - a wand of flame (16/48)
Scrolls
 e - a scroll of blinking {unknown}
 g - a scroll of random uselessness {unknown}
 k - 3 scrolls of remove curse
 m - 3 scrolls of teleportation {unknown}
 r - 2 scrolls of recharging {unknown}
 w - 6 scrolls of identify {unknown}
 y - 2 scrolls of enchant armour {unknown}
 A - a scroll of fear {unknown}
 C - a scroll of magic mapping {unknown}
Potions
 d - a potion of might
 q - 4 potions of curing
 x - a potion of haste {unknown}
 z - 2 potions of magic {unknown}
 D - 2 potions of degeneration {unknown}
 E - a potion of ambrosia
 F - a potion of cure mutation {unknown}
Comestibles
 f - 2 bread rations
 j - 3 beef jerkies
 l - 2 fruits
 t - a meat ration
 v - 7 chunks of flesh


   Skills:
 + Level 3.2 Fighting
 + Level 4.3 Long Blades
 + Level 3.3 Armour
 + Level 1.2 Dodging
 + Level 0.3 Stealth
 + Level 3.9 Shields


You had 5 spell levels left.
You didn't know any spells.

Dungeon Overview and Level Annotations

Branches:
Dungeon (5/15)             Temple (1/1) D:4

Altars:
Ashenzari
Cheibriados
Elyvilon
Fedhas
Gozag
Hepliaklqana
Kikubaaqudgha
Makhleb
Nemelex Xobeh
Okawaru
Qazlal
Sif Muna
Uskayaw
Vehumet
Xom
Yredelemnul
Zin

Shops:
D:4 !


Innate Abilities, Weirdness & Mutations

You have extremely sharp teeth.
Your natural rate of healing is unusually fast.
When hurt, damage is shared between your health and your magic reserves.
Your bite disrupts and absorbs the magic of your enemies.
Potions cannot restore your health.
You are immune to rotting.
Your life essence is reduced. (-10% HP)
You can translocate small distances at will.
Your spells are harder to cast, but more powerful.
You evolve.


Message History

The hornet zombie hits Agathocles but does no damage.
Your shield prevents you from hitting the hornet zombie.
You bite the hornet zombie, but do no damage.
The hornet zombie is almost destroyed.
Agathocles barely misses the hornet zombie.
The hornet zombie hits you.
* * * LOW HITPOINT WARNING * * *
Agathocles hits the hornet zombie.
You hit the hornet zombie but do no damage.
Your bite misses the hornet zombie.
The hornet zombie is almost destroyed.
The hornet zombie hits you.
* * * LOW HITPOINT WARNING * * *
Agathocles hits the hornet zombie but does no damage.
The hornet zombie hits you.
* * * LOW HITPOINT WARNING * * *
You closely miss the hornet zombie.
The hornet zombie is almost destroyed.
The hornet zombie hits you!
You die...

### #.. . #
#.# [# #.#.#
.# #
#.#.###.#.#
##.........##
#$.)@Z.......
#...R..#.###
#.)###(# #..#
#.# #..###.#
#......#
##.##.#.+
##...#.###
#R#......#


You could see the friendly Agathocles the ancestor and a hornet zombie.

Vanquished Creatures
  A howler monkey (D:4)
  An orc wizard (D:5)
  Crazy Yiuf (D:3)
  A hound skeleton (D:4)
  6 adders
  A shadow imp (D:5)
  An ooze (D:1)
  4 worms
  3 dart slugs
  2 leopard geckos
  4 orcs (D:3)
  A ball python (D:5)
  4 giant cockroaches
  13 goblins
  7 hobgoblins
  3 jackals (D:3)
  4 quokkas
  6 bats
  3 frilled lizards
  8 kobolds
  8 rats
82 creatures vanquished.

Vanquished Creatures (collateral kills)
  A centaur (D:5)
  An orc wizard (D:5)
  A leopard gecko (D:3)
  4 orcs
  A giant cockroach (D:3)
  A quokka (D:5)
  A bat (D:3)
  A giant cockroach zombie (D:5)
  A rat (D:3)
12 creatures vanquished.

Vanquished Creatures (others)
  An ancestor (D:3)
1 creature vanquished.

Grand Total: 95 creatures vanquished

Notes
Turn   | Place    | Note
-------+----------+-------------------------------------------
     0 | D:1      | Leonis the Vine Stalker Fighter began the quest for the Orb.
     0 | D:1      | Reached XP level 1. HP: 11/11 MP: 2/2
    34 | D:1      | Reached XP level 2. HP: 14/16 MP: 3/3
    39 | D:1      | Reached skill level 2 in Long Blades
   221 | D:1      | Reached XP level 3. HP: 19/19 MP: 4/4
   568 | D:2      | Gained mutation: Your natural rate of healing is unusually fast. [Vine Stalker growth]
   568 | D:2      | Reached XP level 4. HP: 17/24 MP: 5/5
   717 | D:2      | Reached skill level 3 in Long Blades
  1146 | D:3      | Found a white marble altar of Elyvilon.
  1206 | D:3      | Reached XP level 5. HP: 24/28 MP: 4/6
  1221 | D:3      | Found a hazy altar of Hepliaklqana.
  1249 | D:3      | Became a worshipper of Hepliaklqana the Forgotten
  1421 | D:3      | Found a runed door.
  1425 | D:3      | Noticed Crazy Yiuf
  1427 | D:3      | Paralysed by Crazy Yiuf for 4 turns
  1433 | D:3      | Gained mutation: You evolve. [potion of mutation]
  1433 | D:3      | Gained mutation: Your spells are a little harder to cast, but a little more powerful. [potion of mutation]
  1433 | D:3      | Gained mutation: Your spells are harder to cast, but more powerful. [potion of mutation]
  1443 | D:3      | Killed Crazy Yiuf
  1860 | D:4      | Found a blossoming altar of Fedhas.
  1913 | D:4      | Found Tuapp's Distillery.
  1923 | D:4      | Bought a potion of curing for 36 gold pieces
  2088 | D:4      | Reached skill level 1 in Dodging
  2088 | D:4      | Reached XP level 6. HP: 24/28 MP: 7/7
  2098 | D:4      | Found a staircase to the Ecumenical Temple.
  2104 | Temple   | Entered the Ecumenical Temple
  2105 | Temple   | Reached * piety under Hepliaklqana
  2170 | Temple   | Gained mutation: You can translocate small distances at will. [evolution]
  2338 | D:5      | Entered Level 5 of the Dungeon
  2368 | D:5      | Found a burning altar of Makhleb.
  2498 | D:5      | Reached skill level 4 in Long Blades
  2562 | D:5      | Slain by a hornet zombie

Vault maps used:
D:1:      lightli_arrival_boilingwater
D:2:      kennysheep_the_goblin_king
D:3:      overflow_temple_1_default, lemuel_round_altar, uniq_crazy_yiuf_cottage
D:4:      fedhas_altar_4, serial_shops, shop
D:5:      minitemple, first_bread, basic_altar, minmay_misc_feat_encased,
          uniq_duvessa
Temple:   nicolae_temple_great_sept

Skill      XL: |  1  2  3  4  5  6 |
---------------+-------------------+-----
Long Blades    | 2 3 4 |  4.3
Fighting       | 3 |  3.2
Shields        | 3 |  3.9
Armour         | 3 |  3.3
Dodging        | 1 |  1.2
Stealth        | |  0.3

Action                   |  1- 3 |  4- 6 || total
-------------------------+-------+-------++-------
Melee: Long sword        |    86 |   161 ||   247
       Bite              |    16 |    54 ||    70
  Use: Scroll            |       |     1 ||     1
       Potion            |       |     2 ||     2
 Stab: Distracted        |       |     1 ||     1
  Eat: Chunk             |       |     6 ||     6
Armor: Scale mail        |    34 |     1 ||    35
       Ring mail         |       |    64 ||    64
Dodge: Dodged            |    32 |    33 ||    65
Block: Shield            |    37 |       ||    37
       Large shield      |    14 |   145 ||   159
       Rpst.: Long sword |    11 |    10 ||    21
